PAAA
SUNSET DISTRICT FOG @ JERSEY CITY SUN CAPS
05/09/2025
 
TOP OF THE 1ST
Sunset District Fog batting - Pitching for Jersey City Sun Caps : RHP Ben Logan
Pitching: RHP Ben Logan
Batting: RHB Manuel Rodríguez 0-0: Ball
1-0: Ground out 6-3 (Groundball, 6)
Batting: RHB Ricardo Téllez 0-0: Foul Ball, location: 2F
0-1: Ball
1-1: Swinging Strike
1-2: Ball
2-2: Foul Ball, location: 2F
2-2: Fly out, F8 (Flyball, 8LM)
Batting: RHB Jim Lee 0-0: Ball
1-0: Ball
2-0: Ground out 5-3 (Groundball, 5)
Top of the 1st over - 0 run(s), 0 hit(s), 0 error(s), 0 left on base; Sunset District 0 - Jersey City 0
BOTTOM OF THE 1ST
Jersey City Sun Caps batting - Pitching for Sunset District Fog : RHP Carlos Martínez
Pitching: RHP Carlos Martínez
Batting: LHB Cole Thrash 0-0: Ball
1-0: Foul Ball, location: 2F
1-1: Foul Ball, location: 2F
1-2: Ground out 4-3 (Groundball, 34)
Batting: RHB Brett Callison 0-0: Ball
1-0: Foul Ball, location: 2F
1-1: Ball
2-1: Swinging Strike
2-2: Fly out, F9 (Flyball, 89M)
Batting: LHB Bartolo Benítez 0-0: Ball
1-0: Foul Ball, location: 2F
1-1: Ball
2-1: Ball
3-1: Base on Balls
Batting: RHB Ju-chan Pak 0-0: Foul Ball, location: 2F
0-1: Swinging Strike
0-2: Strikes out swinging
Bottom of the 1st over - 0 run(s), 0 hit(s), 0 error(s), 1 left on base; Sunset District 0 - Jersey City 0
TOP OF THE 2ND
Sunset District Fog batting - Pitching for Jersey City Sun Caps : RHP Ben Logan
Batting: RHB Simon Yusaf Khel 0-0: Ball
1-0: Ball
2-0: Foul Ball, location: 2F
2-1: Fly out, F9 (Flyball, 89D)
Batting: RHB José Vargas 0-0: Ball
1-0: Foul Ball, location: 2F
1-1: Called Strike
1-2: Ball
2-2: DOUBLE (Flyball, 78D)
Batting: LHB Randy Daugherty 0-0: Ball
1-0: Called Strike
1-1: Ball
2-1: Ball
3-1: Foul Ball, location: 2F
3-2: Base on Balls
Batting: RHB Miguel Fernández 0-0: Ball
1-0: Fly out, F4 (Line Drive, 4M)
Batting: LHB Bryce Reilly 0-0: Fly out, F4 (Popup, 4D)
Top of the 2nd over - 0 run(s), 1 hit(s), 0 error(s), 2 left on base; Sunset District 0 - Jersey City 0
BOTTOM OF THE 2ND
Jersey City Sun Caps batting - Pitching for Sunset District Fog : RHP Carlos Martínez
Batting: LHB Roberto Sánchez 0-0: Ball
1-0: Foul Ball, location: 2F
1-1: Ball
2-1: Ball
3-1: Base on Balls
Batting: RHB Salvador Pineda 0-0: Ball
1-0: SINGLE (Groundball, 6MD)
Roberto Sánchez to second
Runner from 2nd tries for 3rd, SAFE, throw made to third
Salvador Pineda to second
Batting: SHB Jake Richardson 0-0: Called Strike
0-1: Fly out, F7 (Flyball, 7)
Runner from 3rd tags up, SCORES, no throw
Batting: RHB Mike Greene 0-0: Called Strike
0-1: Ball
1-1: Ball
2-1: Ball
3-1: Base on Balls
Batting: SHB Ernest Miller 0-0: Fielders Choice at 2nd, 3-6 (Groundball, 3)
Salvador Pineda to third
Batting: LHB Cole Thrash 0-0: Called Strike
0-1: Foul Ball, location: 2F
0-2: Fly out, F7 (Flyball, 78S)
Bottom of the 2nd over - 1 run(s), 1 hit(s), 0 error(s), 2 left on base; Sunset District 0 - Jersey City 1
TOP OF THE 3RD
Sunset District Fog batting - Pitching for Jersey City Sun Caps : RHP Ben Logan
Batting: RHB Marshall Attwood 0-0: Called Strike
0-1: Ball
1-1: Called Strike
1-2: Ground out 4-3 (Groundball, 4)
Batting: RHB Manuel Rodríguez 0-0: SINGLE (Line Drive, 56D)
Batting: RHB Ricardo Téllez 0-0: Called Strike
Manuel Rodríguez steals 2nd base
0-1: Ball
1-1: Foul Ball, location: 2F
1-2: Fly out, F7 (Flyball, 78S)
Batting: RHB Jim Lee 0-0: Ball
1-0: Ball
2-0: SINGLE (Flyball, 8LS)
Manuel Rodríguez to third
Batting: RHB Simon Yusaf Khel 0-0: Called Strike
0-1: Called Strike
0-2: Ball
1-2: Reached via error on a dropped throw, E4
Manuel Rodríguez scores
Jim Lee to second
Batting: RHB José Vargas 0-0: Ball
1-0: Ball
Wild Pitch!
Jim Lee to third
Simon Yusaf Khel to second
2-0: Fly out, F9 (Flyball, 9S)
Top of the 3rd over - 1 run(s), 2 hit(s), 1 error(s), 2 left on base; Sunset District 1 - Jersey City 1
BOTTOM OF THE 3RD
Jersey City Sun Caps batting - Pitching for Sunset District Fog : RHP Carlos Martínez
Batting: RHB Brett Callison 0-0: Ball
1-0: Ball
2-0: Ball
3-0: Base on Balls
Batting: LHB Bartolo Benítez 0-0: SINGLE (Groundball, 34D)
Brett Callison to second
Runner from 2nd tries for 3rd, SAFE, no throw
Batting: RHB Ju-chan Pak 0-0: Ball
1-0: Ball
2-0: Ball
3-0: Called Strike
3-1: Foul Ball, location: 2F
3-2: Foul Ball, location: 2F
3-2: SINGLE (Line Drive, 56D)
Brett Callison scores
Bartolo Benítez to second
Batting: LHB Roberto Sánchez 0-0: Called Strike
0-1: Swinging Strike
0-2: Foul Ball, location: 2F
0-2: Strikes out swinging
Batting: RHB Salvador Pineda 0-0: Ball
1-0: Fly out, F3 (Popup, 3D)
Batting: SHB Jake Richardson 0-0: Ball
1-0: Ground out U3 (Groundball, 34)
Bottom of the 3rd over - 1 run(s), 2 hit(s), 0 error(s), 2 left on base; Sunset District 1 - Jersey City 2
TOP OF THE 4TH
Sunset District Fog batting - Pitching for Jersey City Sun Caps : RHP Ben Logan
Batting: LHB Randy Daugherty 0-0: Called Strike
0-1: Ball
1-1: Ball
2-1: Ball
3-1: Called Strike
3-2: Fly out, F8 (Line Drive, 8LD)
Batting: RHB Miguel Fernández 0-0: Ball
1-0: Ball
2-0: Ball
3-0: Base on Balls
Batting: LHB Bryce Reilly 0-0: Ball
1-0: Ball
2-0: Ball
3-0: Base on Balls
Miguel Fernández to second
Batting: RHB Marshall Attwood 0-0: Called Strike
0-1: Ball
1-1: Foul Ball, location: 2F
1-2: Foul Ball, location: 2F
1-2: Ball
2-2: Ball
3-2: Strikes out swinging
Batting: RHB Manuel Rodríguez 0-0: Fly out, F3 (Line Drive, 34)
Top of the 4th over - 0 run(s), 0 hit(s), 0 error(s), 2 left on base; Sunset District 1 - Jersey City 2
BOTTOM OF THE 4TH
Jersey City Sun Caps batting - Pitching for Sunset District Fog : RHP Carlos Martínez
Batting: RHB Mike Greene 0-0: SINGLE (Groundball, 56D)
Batting: SHB Ernest Miller 0-0: Ball
1-0: Ball
2-0: Foul Ball, location: 2F
2-1: Ball
3-1: Called Strike
3-2: Ground out U3 (Groundball, 3S)
Mike Greene to second
Batting: LHB Cole Thrash 0-0: Ball
1-0: Ball
2-0: Ball
3-0: Called Strike
3-1: Fly out, F7 (Line Drive, 7)
Batting: RHB Brett Callison 0-0: Swinging Strike
0-1: Ball
1-1: 2-RUN HOME RUN (Flyball, 78XD), Distance : 435 ft
Batting: LHB Bartolo Benítez 0-0: Ball
1-0: Ball
2-0: Ball
3-0: Base on Balls
Batting: RHB Ju-chan Pak 0-0: Swinging Strike
0-1: Ball
1-1: Foul Ball, location: 2F
1-2: Foul Ball, location: 2F
1-2: Strikes out swinging
Bottom of the 4th over - 2 run(s), 2 hit(s), 0 error(s), 1 left on base; Sunset District 1 - Jersey City 4
TOP OF THE 5TH
Sunset District Fog batting - Pitching for Jersey City Sun Caps : RHP Ben Logan
Batting: RHB Ricardo Téllez 0-0: Ball
1-0: Foul Ball, location: 2F
1-1: Foul Ball, location: 2F
1-2: SINGLE (Groundball, 56D)
Batting: RHB Jim Lee 0-0: Ball
1-0: Ball
2-0: Foul Ball, location: 2F
2-1: Foul Ball, location: 2F
2-2: Ball
3-2: Base on Balls
Ricardo Téllez to second
Batting: RHB Simon Yusaf Khel 0-0: Foul Ball, location: 2F
0-1: Ball
1-1: Ball
2-1: Ball
3-1: Base on Balls
Ricardo Téllez to third
Jim Lee to second
Batting: RHB José Vargas 0-0: Fly out, F6 (Popup, 6MD)
Pitching: RHP Andrew Hayes
Batting: LHB Randy Daugherty 0-0: Ball
1-0: Ball
2-0: Swinging Strike
2-1: Ball
3-1: Called Strike
3-2: Strikes out swinging
Batting: RHB Miguel Fernández 0-0: Ball
1-0: Ground out 6-3 (Groundball, 6S)
Top of the 5th over - 0 run(s), 1 hit(s), 0 error(s), 3 left on base; Sunset District 1 - Jersey City 4
BOTTOM OF THE 5TH
Jersey City Sun Caps batting - Pitching for Sunset District Fog : RHP Carlos Martínez
Batting: LHB Roberto Sánchez 0-0: Called Strike
0-1: Foul Ball, location: 2F
0-2: Foul Ball, location: 2F
0-2: Ground out U3 (Groundball, 34)
Batting: RHB Salvador Pineda 0-0: Ball
1-0: Ball
2-0: Foul Ball, location: 2F
2-1: Fly out, F8 (Flyball, 8RM)
Batting: SHB Jake Richardson 0-0: Ball
1-0: Ball
2-0: Ball
3-0: Called Strike
3-1: Fly out, F8 (Flyball, 8RD)
Bottom of the 5th over - 0 run(s), 0 hit(s), 0 error(s), 0 left on base; Sunset District 1 - Jersey City 4
TOP OF THE 6TH
Sunset District Fog batting - Pitching for Jersey City Sun Caps : RHP Andrew Hayes
Batting: LHB Bryce Reilly 0-0: Ball
1-0: Called Strike
1-1: Ball
2-1: Ball
3-1: Foul Ball, location: 2F
3-2: SINGLE (Line Drive, 4D)
Batting: RHB Marshall Attwood 0-0: Ball
1-0: 2-RUN HOME RUN (Flyball, 7D), Distance : 380 ft
Batting: RHB Manuel Rodríguez 0-0: Called Strike
0-1: SINGLE (Line Drive, 7S)
Batting: RHB Ricardo Téllez 0-0: Foul Ball, location: 2F
0-1: Foul Ball, location: 2F
0-2: Foul Ball, location: 2F
0-2: Ball
1-2: Strikes out looking
Batting: RHB Jim Lee 0-0: Ball
Manuel Rodríguez steals 2nd base
1-0: Foul Ball, location: 2F
1-1: Called Strike
1-2: Ball
2-2: Fly out, F8 (Flyball, 8RS)
Batting: RHB Simon Yusaf Khel 0-0: Ball
1-0: Swinging Strike
1-1: SINGLE (Line Drive, 56)
Manuel Rodríguez to third
Batting: RHB José Vargas 0-0: Ball
1-0: Ball
2-0: Called Strike
2-1: DOUBLE (Line Drive, 78XD)
Manuel Rodríguez scores
Simon Yusaf Khel to third
Pitching: LHP Tommy Blevins
Batting: LHB Randy Daugherty 0-0: Called Strike
0-1: Ball
1-1: Fly out, F7 (Flyball, 7S)
Top of the 6th over - 3 run(s), 5 hit(s), 0 error(s), 2 left on base; Sunset District 4 - Jersey City 4
BOTTOM OF THE 6TH
Jersey City Sun Caps batting - Pitching for Sunset District Fog : RHP Carlos Martínez
Batting: RHB Mike Greene 0-0: Fly out, F5 (Line Drive, 5)
Batting: SHB Ernest Miller 0-0: Ball
1-0: Ball
2-0: Ball
3-0: Base on Balls
Batting: LHB Cole Thrash 0-0: Ball
1-0: Foul Ball, location: 2F
1-1: Ball
2-1: Ball
3-1: Swinging Strike
3-2: Foul Ball, location: 2F
3-2: Base on Balls
Ernest Miller to second
Pitching: RHP José Caballero
Batting: RHB Brett Callison 0-0: Ball
1-0: Called Strike
1-1: Ball
2-1: Ball
3-1: Foul Ball, location: 2F
3-2: Grounds into double play, 1-6-3 (Groundball, 13)
Bottom of the 6th over - 0 run(s), 0 hit(s), 0 error(s), 1 left on base; Sunset District 4 - Jersey City 4
TOP OF THE 7TH
Sunset District Fog batting - Pitching for Jersey City Sun Caps : LHP Tommy Blevins
Batting: RHB Miguel Fernández 0-0: Called Strike
0-1: Called Strike
0-2: Ball
1-2: Ball
2-2: Ground out 6-3 (Groundball, 6)
Pinch Hitting: SHB Carlos Sánchez 0-0: Ball
1-0: Called Strike
1-1: Swinging Strike
1-2: Foul Ball, location: 2F
1-2: Strikes out swinging
Batting: RHB Marshall Attwood 0-0: Swinging Strike
0-1: Called Strike
0-2: Ball
1-2: Strikes out swinging
Top of the 7th over - 0 run(s), 0 hit(s), 0 error(s), 0 left on base; Sunset District 4 - Jersey City 4
BOTTOM OF THE 7TH
Jersey City Sun Caps batting - Pitching for Sunset District Fog : RHP José Caballero
Now at 1B: Jim Allen
Batting: LHB Bartolo Benítez 0-0: Ball
1-0: Called Strike
1-1: Ball
2-1: Ball
3-1: Base on Balls
Batting: RHB Ju-chan Pak 0-0: Called Strike
0-1: Fly out, F9 (Flyball, 89S)
Batting: LHB Roberto Sánchez 0-0: Called Strike
0-1: Ball
1-1: Ball
2-1: Foul Ball, location: 2F
2-2: Ball
3-2: Foul Ball, location: 2F
3-2: Base on Balls
Bartolo Benítez to second
Batting: RHB Salvador Pineda 0-0: Ball
1-0: Ball
2-0: Ball
3-0: Called Strike
3-1: Fly out, F8 (Flyball, 8LS)
Batting: SHB Jake Richardson 0-0: Swinging Strike
0-1: Ball
1-1: Ball
2-1: Swinging Strike
2-2: Ball
3-2: Strikes out swinging
Bottom of the 7th over - 0 run(s), 0 hit(s), 0 error(s), 2 left on base; Sunset District 4 - Jersey City 4
TOP OF THE 8TH
Sunset District Fog batting - Pitching for Jersey City Sun Caps : LHP Tommy Blevins
Batting: RHB Manuel Rodríguez 0-0: Swinging Strike
0-1: Foul Ball, location: 2F
0-2: Strikes out swinging
Batting: RHB Ricardo Téllez 0-0: Ball
1-0: Ball
2-0: Ball
3-0: Called Strike
3-1: Swinging Strike
3-2: Foul Ball, location: 2F
3-2: SINGLE (Line Drive, 78S)
Batting: RHB Jim Lee 0-0: Called Strike
0-1: Ball
1-1: Ball
2-1: Hit by Pitch
Ricardo Téllez to second
Batting: RHB Simon Yusaf Khel 0-0: Ball
1-0: Ball
2-0: Called Strike
2-1: Foul Ball, location: 2F
2-2: Ball
3-2: Base on Balls
Ricardo Téllez to third
Jim Lee to second
Batting: RHB José Vargas 0-0: SINGLE (Line Drive, 56D)
Ricardo Téllez scores
Jim Lee to third
Simon Yusaf Khel to second
Runner from 3rd tries for Home, SAFE, throw made at trailing runner, SAFE at third!
Batting: LHB Randy Daugherty 0-0: Ball
1-0: Called Strike
1-1: Ball
2-1: Foul Ball, location: 2F
2-2: Ball
3-2: Strikes out looking
Batting: RHB Miguel Fernández 0-0: Ball
1-0: Hit by Pitch
José Vargas to second
Batting: RHB Jim Allen 0-0: Ball
1-0: Swinging Strike
1-1: Ball
2-1: Foul Ball, location: 2F
2-2: Foul Ball, location: 2F
2-2: Reached on error, E5 (Groundball, 5L)
Simon Yusaf Khel scores
José Vargas to third
Miguel Fernández to second
Pitching: RHP Gilberto Soto
Batting: RHB Marshall Attwood 0-0: Swinging Strike
0-1: Ball
1-1: Ball
2-1: Ball
3-1: Base on Balls
José Vargas scores
Miguel Fernández to third
Jim Allen to second
Batting: RHB Manuel Rodríguez 0-0: Fly out, F8 (Line Drive, 78S)
Top of the 8th over - 4 run(s), 2 hit(s), 1 error(s), 3 left on base; Sunset District 8 - Jersey City 4
BOTTOM OF THE 8TH
Jersey City Sun Caps batting - Pitching for Sunset District Fog : RHP José Caballero
Pitching: RHP Júlio Maes
Batting: RHB Mike Greene 0-0: Ball
1-0: Ball
2-0: Foul Ball, location: 2F
2-1: Foul Ball, location: 2F
2-2: Strikes out looking
Batting: SHB Ernest Miller 0-0: Ball
1-0: Swinging Strike
1-1: Ball
2-1: Ball
3-1: Base on Balls
Batting: LHB Cole Thrash 0-0: Swinging Strike
0-1: Ball
1-1: Ball
2-1: Foul Ball, location: 2F
2-2: Ball
3-2: Grounds into double play, 6-4-3 (Groundball, 6)
Bottom of the 8th over - 0 run(s), 0 hit(s), 0 error(s), 0 left on base; Sunset District 8 - Jersey City 4
TOP OF THE 9TH
Sunset District Fog batting - Pitching for Jersey City Sun Caps : RHP Gilberto Soto
Pitching: LHP Jim Unknown
Batting: RHB Ricardo Téllez 0-0: Ball
1-0: Ball
2-0: Foul Ball, location: 2F
2-1: SINGLE (Groundball, 56S) (infield hit)
Batting: RHB Jim Lee 0-0: Called Strike
0-1: Ball
1-1: Ball
2-1: Foul Ball, location: 2F
2-2: Ball
3-2: Fly out, F7 (Flyball, 7S)
Batting: RHB Simon Yusaf Khel 0-0: Ball
1-0: Fielders Choice at 2nd, 6-4 (Groundball, 6)
Batting: RHB José Vargas 0-0: Ball
1-0: Called Strike
1-1: Foul Ball, location: 2F
1-2: Strikes out swinging
Top of the 9th over - 0 run(s), 1 hit(s), 0 error(s), 1 left on base; Sunset District 8 - Jersey City 4
BOTTOM OF THE 9TH
Jersey City Sun Caps batting - Pitching for Sunset District Fog : RHP Júlio Maes
Pitching: RHP Jim Unknown
Batting: RHB Brett Callison 0-0: Called Strike
0-1: Ball
1-1: SINGLE (Line Drive, 34)
Batting: LHB Bartolo Benítez 0-0: Ball
1-0: Called Strike
1-1: Ball
2-1: Foul Ball, location: 2F
2-2: Ball
3-2: Fly out, F7 (Flyball, 7)
Batting: RHB Ju-chan Pak 0-0: Foul Ball, location: 2F
0-1: SINGLE (Flyball, 8LS)
Brett Callison to second
Batting: LHB Roberto Sánchez 0-0: Ball
1-0: Foul Ball, location: 2F
1-1: Foul Ball, location: 2F
1-2: Strikes out looking
Batting: RHB Salvador Pineda 0-0: Ball
1-0: Foul Ball, location: 2F
1-1: Ball
2-1: Foul Ball, location: 2F
2-2: Ball
3-2: Foul Ball, location: 2F
3-2: Foul Ball, location: 2F
Pickoff Throw to Second - Error! E1
Brett Callison to third
Ju-chan Pak to second
3-2: Foul Ball, location: 2F
3-2: Foul Ball, location: 2F
3-2: Base on Balls
Batting: SHB Jake Richardson 0-0: Called Strike
0-1: Called Strike
0-2: Ball
1-2: Ball
2-2: Strikes out swinging
Bottom of the 9th over - 0 run(s), 2 hit(s), 1 error(s), 3 left on base; Sunset District 8 - Jersey City 4
Friday, December 30th, 2016 - OOTP Baseball 17.12 Build 75